 Dungeon Crawl Stone Soup version 0.26.1-2-gb8aa6d0 (webtiles) character file.

Game seed: 10241107809155942528

2723 Bridget the Cruncher (level 9, -5/68 HPs)
             Began as a Human Gladiator on Apr 27, 2021.
             Was a High Priest of Jiyva.
             Slain by a black mamba (14 damage)
             ... on level 2 of the Lair of Beasts on Apr 28, 2021.
             The game lasted 01:17:35 (8350 turns).

Bridget the Cruncher (Human Gladiator)              Turns: 8350, Time: 01:17:35

Health: -5/68      AC:  6    Str: 16    XL:     9   Next: 99%
Magic:  18/18      EV: 15    Int: 10    God:    Jiyva [*****.]
Gold:   112        SH:  0    Dex: 18    Spells: 8/8 levels left

rFire    + . .     SeeInvis .   a - +1 quarterstaff
rCold    + . .     Faith    .   (shield currently unavailable)
rNeg     . . .     Spirit   .   o - +3 leather armour of Ru's Benevolence {Will+ Str+3}
rPois    +         Reflect  .   (no helmet)
rElec    +         Harm     .   (no cloak)
rCorr    +         Rampage  .   (no gloves)
Will     +....                  (no boots)
Stlth    +++.......             d - amulet of the acrobat
HPRegen  0.21/turn              n - ring of magical power
MPRegen  0.16/turn              (no ring)

@: lethally poisoned (-5 -> -12), resistant
A: evolution 1
a: Renounce Religion, Request Jelly, Slimify, Cure Bad Mutation


You were on level 2 of the Lair of Beasts.
You worshipped Jiyva.
Jiyva was extremely pleased with you.
You visited 2 branches of the dungeon, and saw 10 of its levels.

You collected 316 gold pieces.
You spent 204 gold pieces at shops.

Inventory:

Hand Weapons
 a - a +1 quarterstaff (weapon)
Missiles
 k - 3 boomerangs
 s - 4 atropa-tipped darts
Armour
 c - a +1 helmet
 o - the +3 leather armour of Ru's Benevolence (worn) {Will+ Str+3}
   (You found it on level 4 of the Dungeon)

   It affects your strength (+3).
   It affects your willpower, your defense against some magical effects.
 u - the +4 robe of Vehumet's Hope {Int+4, unknown}
   (You found it on level 8 of the Dungeon)

   It affects your intelligence (+4).
Magical Staves
 j - an uncursed staff of air
Jewellery
 d - an amulet of the acrobat (around neck)
 m - an uncursed ring of flight {unknown}
 n - a ring of magical power (left hand)
Wands
 v - a wand of flame (8) (quivered)
Scrolls
 b - a scroll of teleportation
 l - a scroll of amnesia {unknown}
 q - 2 scrolls of remove curse
 t - 2 scrolls of fear {unknown}
Potions
 f - a potion of magic {unknown}
 g - a potion of flight
 h - 3 potions of brilliance {unknown}
 p - a potion of invisibility {unknown}
 r - a potion of resistance
 w - a potion of attraction {unknown}


   Skills:
 + Level 5.0 Fighting
 + Level 9.3 Staves
 + Level 2.5 Throwing
 + Level 5.0 Armour
 + Level 4.7 Dodging
 + Level 3.9 Stealth
 + Level 2.9 Evocations


You had 8 spell levels left.
You didn't know any spells.
Your spell library contained the following spells:

 Spells                   Type           Power        Failure   Level
 Corona                   Hex            0%           41%         1
 Slow                     Hex            0%           56%         2
 Inner Flame              Hex/Fire       0%           80%         3
 Portal Projectile        Hex/Tloc       0%           80%         3
 Cause Fear               Hex            0%           99%         4
 Leda's Liquefaction      Hex/Erth       0%           99%         4
 Bolt of Magma            Conj/Fire/Erth 0%           100%        5
 Iskenderun's Battlesphe  Conj           0%           100%        5
 Iron Shot                Conj/Erth      0%           100%        6
 Orb of Destruction       Conj           0%           100%        7
 Spellforged Servitor     Conj/Summ      0%           100%        7


Dungeon Overview and Level Annotations

Branches:
Dungeon (8/15)             Temple (0/1) D:4            Lair (2/6) D:8
  Swamp: Lair:2-4    Shoals: Lair:2-4     Snake: Lair:2-4    Spider: Lair:2-4

Altars:
Ashenzari
Dithmenos
Makhleb
Ru
Trog
Zin
Jiyva

Shops:
D:4 !   D:6 :=   D:7 [   D:8 [(*[

Annotations:
D:1 1 runed translucent door
Lair:1 3 runed translucent doors, Elepheyn's ghost, journeyman FoAK


Innate Abilities, Weirdness & Mutations

You evolve.


Message History

You closely miss the black mamba.
The black mamba is severely wounded.
You feel sick. The black mamba barely misses you.
You hit the black mamba but do no damage.
The black mamba is severely wounded.
The black mamba bites you!
* * * LOW HITPOINT WARNING * * *
The black mamba misses you.
Aiming: Throw Flame
Press: ? - help, Q - select action, (/) - cycle Shift-Dir - straight line, f/p - black mamba
Aim: a black mamba (severely wounded, 47% to evade)
The puff of flame hits the black mamba.
The black mamba is severely wounded.
You feel sick.
The black mamba bites you but does no damage.
The black mamba closely misses you.
You barely miss the black mamba.
The black mamba is severely wounded.
You feel sick. The black mamba bites you!
You die...

..... .. #.... .
#.. ..... .. #..
#..## ..#
#..######... ....
##.........+ .....
#..P.#P.P..#......
#......#.@S$.....
#.........#......
#......P..#......
#.........P......
#.#..............
#.#.......##.....
##.#............<.
#P....#.P(..#..#.
##.....>....# #


You could see a black mamba.

Vanquished Creatures
  A cane toad (Lair:1)
  Grinder (D:3)
  Eustachio (D:4)
  Edmund (D:5)
  2 water moccasins
  Duvessa (D:6)
  A black bear (D:6)
  An orc warrior (D:8)
  An ice beast (D:7)
  2 sky beasts
  3 ogres
  2 centaurs
  3 bullfrogs
  Dowan (D:6)
  A howler monkey (D:4)
  A hound (D:7)
  2 orc priests (D:8)
  A centaur skeleton (D:6)
  Ijyb (D:5)
  3 orc wizards (D:8)
  Terence (D:3)
  6 worker ants
  A hound zombie (D:7)
  8 adders
  3 shadow imps
  A white imp (D:8)
  2 adder skeletons
  2 worms (D:3)
  2 dart slugs (D:1)
  3 leopard geckos
  10 orcs
  5 bats
  6 giant cockroaches
  9 goblins
  6 hobgoblins
  5 jackals (D:3)
  4 quokkas
  2 ball pythons
  A ball python skeleton (D:4)
  4 frilled lizards
  6 kobolds
  A leopard gecko zombie (D:5)
  16 rats
134 creatures vanquished.

Vanquished Creatures (collateral kills)
  A cane toad (Lair:1)
  A komodo dragon (Lair:1)
2 creatures vanquished.

Vanquished Creatures (others)
  Sigmund (D:4)
  Menkaure (D:5)
  2 water moccasins
  A centaur (D:5)
  A bullfrog (D:7)
  A gnoll sergeant (D:7)
  A scorpion (D:5)
  28 jellies
  2 howler monkeys
  A hound (D:5)
  An orc wizard (D:7)
  A centaur zombie (D:5)
  An orc priest (D:7)
  2 iguanas
  A worker ant (D:5)
  8 gnolls
  4 adders
  A white imp (D:6)
  An ufetubus (D:5)
  A dart slug (D:3)
  2 leopard geckos
  12 orcs
  3 giant cockroaches
  A hobgoblin (D:3)
  A kobold (D:3)
  3 quokkas
  A ball python (D:3)
  A frilled lizard (D:4)
  A jackal zombie (D:3)
  A quokka skeleton (D:5)
  A quokka zombie (D:5)
  A rat (D:3)
  3 fungi (Lair:1)
  14 plants
105 creatures vanquished.

Grand Total: 241 creatures vanquished

Notes
Turn   | Place    | Note
-------+----------+-------------------------------------------
     0 | D:1      | Bridget the Human Gladiator began the quest for the Orb.
     0 | D:1      | Reached XP level 1. HP: 16/16 MP: 1/1
     1 | D:1      | Found a runed translucent door.
   102 | D:1      | Reached XP level 2. HP: 19/22 MP: 2/2
   199 | D:1      | Reached XP level 3. HP: 26/27 MP: 3/3
   909 | D:2      | Reached XP level 4. HP: 31/33 MP: 4/4
   923 | D:2      | Found a burning altar of Makhleb.
  1103 | D:2      | Reached skill level 4 in Staves
  1246 | D:2      | Found a broken altar of Ashenzari.
  1444 | D:2      | Found a faded altar of an unknown god.
  1448 | D:2      | Became a worshipper of Jiyva Jyteihor the Shapeless
  1448 | D:2      | Reached * piety under Jiyva
  1598 | D:3      | Noticed Terence
  1608 | D:3      | Killed Terence
  1609 | D:3      | Reached XP level 5. HP: 39/39 MP: 5/5
  1656 | D:3      | Reached skill level 1 in Armour
  1858 | D:3      | Noticed Grinder
  1871 | D:3      | Paralysed by Grinder for 6 turns
  1882 | D:3      | Killed Grinder
  1883 | D:3      | Reached skill level 1 in Stealth
  1883 | D:3      | Reached XP level 6. HP: 25/46 MP: 6/6
  2315 | D:3      | Noticed a moth of wrath
  2318 | D:3      | Found a bloodstained altar of Trog.
  2329 | D:3      | Reached ** piety under Jiyva
  2909 | D:4      | Found a staircase to the Ecumenical Temple.
  2955 | D:4      | Got a jewelled leather armour
  2964 | D:4      | Found a shadowy altar of Dithmenos.
  2969 | D:4      | Noticed Eustachio
  2999 | D:4      | Killed Eustachio
  3000 | D:4      | Reached skill level 5 in Staves
  3000 | D:4      | Reached XP level 7. HP: 47/52 MP: 5/7
  3006 | D:4      | Reached *** piety under Jiyva
  3064 | D:4      | Gained mutation: You have a pair of small horns on your
                  | head. [Jiyva's grace]
  3097 | D:4      | Found Yfusch's Distillery.
  3102 | D:4      | Bought a potion of curing for 33 gold pieces
  3102 | D:4      | Bought a potion of heal wounds for 55 gold pieces
  3102 | D:4      | Bought a potion of heal wounds for 55 gold pieces
  3102 | D:4      | Bought a potion of curing for 33 gold pieces
  3106 | D:4      | Found a bloodstained altar of Trog.
  3129 | D:4      | Found a sacrificial altar of Ru.
  3273 | D:4      | Killed Sigmund
  3752 | D:5      | Entered Level 5 of the Dungeon
  3757 | D:5      | Noticed Ijyb
  3768 | D:5      | Killed Ijyb
  3778 | D:5      | Reached skill level 6 in Staves
  3837 | D:5      | Reached **** piety under Jiyva
  3861 | D:5      | Gained mutation: You evolve. [Jiyva's grace]
  3968 | D:5      | Killed Menkaure
  4026 | D:5      | Noticed Edmund
  4042 | D:5      | Killed Edmund
  4109 | D:5      | Reached XP level 8. HP: 44/58 MP: 8/8
  4289 | D:6      | Noticed Dowan
  4292 | D:6      | Noticed Duvessa
  4295 | D:6      | Killed Dowan
  4396 | D:6      | Found Gakk's Book Emporium.
  4420 | D:6      | Found Wori's Jewellery Emporium.
  4458 | D:6      | Identified the +3 leather armour of Ru's Benevolence {Will+
                  | Str+3} (You found it on level 4 of the Dungeon)
  4739 | D:6      | Reached skill level 7 in Staves
  4739 | D:6      | Reached skill level 1 in Evocations
  4911 | D:6      | Killed Duvessa
  5113 | D:6      | Gained mutation: You are partially covered in slimy green
                  | scales. (AC +2) [Jiyva's grace]
  5309 | D:7      | Reached XP level 9. HP: 56/65 MP: 9/9
  5329 | D:7      | Reached skill level 8 in Staves
  5390 | D:7      | Reached ***** piety under Jiyva
  5427 | D:7      | Found Jeled's Armour Emporium.
  5684 | D:7      | Gained mutation: Your translucent skin slightly reduces
                  | your foes' accuracy. (Stealth) [Jiyva's grace]
  5907 | D:7      | Found a glowing silver altar of Zin.
  6012 | D:7      | Lost mutation: You have a pair of small horns on your head.
                  | [Jiyva's grace]
  6339 | D:8      | Reached skill level 5 in Armour
  6351 | D:8      | Found a staircase to the Lair.
  6393 | D:8      | Found Festrui's General Store.
  6531 | D:8      | Bought a scroll of identify for 28 gold pieces
  6533 | D:8      | Found Pogistre's Armour Emporium.
  6784 | D:8      | Found Kogyegon's Weapon Boutique.
  6799 | D:8      | Found Subyng's Antique Armour Boutique.
  6815 | D:8      | Lost mutation: You are partially covered in slimy green
                  | scales. (AC +2) [Jiyva's grace]
  6887 | D:8      | Reached ****** piety under Jiyva
  7000 | D:8      | Got a fabulously ornate robe
  7011 | Lair:1   | Entered Level 1 of the Lair of Beasts
  7091 | Lair:1   | Found a runed translucent gate.
  7092 | Lair:1   | Found a runed translucent gate.
  7092 | Lair:1   | Noticed Elepheyn's ghost (journeyman FoAK)
  7092 | Lair:1   | Noticed a 12-headed hydra
  7093 | Lair:1   | Found a runed translucent gate.
  7140 | Lair:1   | Noticed a komodo dragon
  7149 | Lair:1   | Killed a komodo dragon
  7150 | Lair:1   | Reached skill level 9 in Staves
  7164 | Lair:1   | Noticed a cane toad
  7174 | Lair:1   | HP: 1/67 [cane toad (20)]
  7175 | Lair:1   | Killed a cane toad
  7274 | Lair:1   | Noticed a cane toad
  7283 | Lair:1   | Killed a cane toad
  7284 | Lair:1   | Reached skill level 5 in Fighting
  7980 | Lair:1   | Noticed a cane toad
  7984 | Lair:1   | Noticed a six-headed hydra
  7988 | Lair:1   | Slimified a six-headed hydra
  7988 | Lair:1   | Noticed a slime creature
  7988 | Lair:1   | a six-headed hydra changed into a slime creature
  8261 | Lair:1   | Lost mutation: Your translucent skin slightly reduces your
                  | foes' accuracy. (Stealth) [evolution]
  8340 | Lair:2   | Noticed a black mamba
  8350 | Lair:2   | Slain by a black mamba

Illustrated notes

Levels and vault maps discovered:
D:1:      dpeg_arrival_caged_fury, layout_loops_ring, serial_glass,
          glass_columns_c, glass_columns_a, item_on_display_a,
          item_on_display_a, minmay_strange_pillars, due_unseen_surprise,
          supply_closet_lemuel
D:2:      layout_basic, marbit_many_paths, lemuel_doored_altar,
          chequers_ecumenical_altar_twisty
D:3:      minmay_wonky_spiral, layout_loops_ring, tgw_trog,
          minmay_divided_ellipse, uniq_grinder, uniq_terence
D:4:      layout_loops_ring, nicolae_ru_awakened_eye, kennysheep_mini_moat,
          minmay_temple_entry_gardened_gates, serial_shops, shop,
          amcnicky_mini_pool_small, trog_butcher_becter, uniq_sigmund,
          uniq_eustachio
D:5:      layout_cave_pools, uniq_menkaure, uniq_ijyb, uniq_edmund
D:6:      layout_loops_ring, serial_shops, shop, minmay_shop_grid_forest,
          uniq_duvessa
D:7:      layout_loops_ring, zin_statuary, serial_shops, kennysheep_mini
D:8:      layout_rooms, lair_entry_dummy, serial_shops,
          nicolae_shop_temple_entry_statues_fountains, shop,
          nicolae_shop_waterfront, shop
Lair:1:   layout_hall_layers, gammafunk_ghost_hydra_chop, st_stairs_11,
          grunt_megastairs_5
Lair:2:   layout_chaotic_city, serial_bayou_shore_a, infiniplex_staircase_pool_2

Skill      XL: |  1  2  3  4  5  6  7  8  9 |
---------------+----------------------------+-----
Staves         | 4 5 6 7 9 |  9.3
Armour         | 1 2 3 4 5 |  5.0
Stealth        | 1 3 |  3.9
Fighting       | 3 5 |  5.0
Dodging        | 4 |  4.7
Evocations     | 1 2 |  2.9
Throwing       | |  2.5

Action                   |  1- 3 |  4- 6 |  7- 9 || total
-------------------------+-------+-------+-------++-------
Melee: Quarterstaff      |    83 |    46 |   249 ||   378
       Staff             |       |    86 |       ||    86
       Headbutt          |       |       |    27 ||    27
Throw: Throwing net      |     3 |     5 |       ||     8
       Boomerang         |       |       |     2 ||     2
       Dart              |       |       |     4 ||     4
Invok: Request Jelly     |       |     3 |     1 ||     4
       Slimify           |       |       |     3 ||     3
Evoke: Wand              |       |     6 |    42 ||    48
  Use: Scroll            |     1 |     5 |    11 ||    17
       Potion            |       |     2 |     9 ||    11
 Stab: Held in net/web   |     2 |     1 |       ||     3
       Paralysed         |       |       |    15 ||    15
Armor: Leather armour    |    21 |     4 |    35 ||    60
       Plate armour      |       |   102 |    45 ||   147
Dodge: Dodged            |    54 |    36 |   123 ||   213
